 Dungeon Crawl Stone Soup version 0.31-a0-986-g5e6e4ef867 (webtiles) character file.

Game seed: 1442428140161454911

95 tkdrg the Ruffian (level 4, -2/44 HPs)
             Began as a Troll Fighter on Nov 10, 2023.
             Slain by a gnoll
             ... wielding a +0 halberd
              (14 damage)
             ... on level 2 of the Dungeon.
             The game lasted 00:02:55 (1056 turns).

tkdrg the Ruffian (Troll Fighter)                   Turns: 1056, Time: 00:02:56

Health: -2/44      AC:  5    Str: 26    XL:     4   Next: 40%
Magic:  3/3        EV:  8    Int:  4    God:
Gold:   74         SH:  7    Dex:  9    Spells: 3/3 levels left

rFire   . .          .
                       - Unarmed
rCold   . . .        b - +0 kite shield
rNeg    . . .        a - +0 robe
rPois   .            (helmet restricted)
rElec   .            e - +0 cloak
rCorr   .            (gloves unavailable)
SInv    .            (boots unavailable)
Will    .....        (no amulet)
Stlth   +            (no ring)
HPRegen 1.07/turn    (no ring)
MPRegen 0.08/turn

%: no passive effects
@: no status effects
A: large, unfitting armour, claws 3, regeneration 1, shaggy fur 1, tough skin 1
a: no special abilities


You were on level 2 of the Dungeon.
You visited 1 branch of the dungeon, and saw 2 of its levels.

You collected 74 gold pieces.

Inventory:

Missiles
 f - 11 poisoned darts (quivered)
Armour
 a - a +0 robe (worn)
 b - a +0 kite shield (worn)
 e - a +0 cloak (worn)
Jewellery
 h - a ring of fire
Scrolls
 d - a scroll of teleportation {unknown}
 g - a scroll of enchant armour {unknown}
Potions
 c - 2 potions of might
 i - 2 potions of resistance {unknown}


   Skills:
 - Level 2.4 Fighting
 - Level 2.4 Dodging
 - Level 2.6 Shields
 + Level 4.7 Unarmed Combat


You had 3 spell levels left.
You didn't know any spells.
Your spell library contained the following spells:

 Spells                   Type           Power      Damage    Failure   Level
 Dazzling Flash           Conj/Hex       0%         N/A       98%         3
 Volatile Blastmotes      Fire/Tloc      0%         2d10      98%         3
 Starburst                Conj/Fire      0%         6d3       100%        6
 Maxwell's Capacitive Co  Air            0%         ∞         100%        8


Dungeon Overview and Level Annotations

Branches:
Dungeon (2/15)

Altars:

Shops:
D:1 :   D:2 [


Innate Abilities, Weirdness & Mutations

You are too large for most types of armour.
You have claws for hands.
Your natural rate of healing is unusually fast.
You are covered in fur. (AC +1)
You have tough skin. (AC +1)


Message History

The gnoll hits you with a +0 club.
You closely miss the gnoll. You block the gnoll's attack.
The gnoll hits you but does no damage.
You claw the gnoll!
You kill the gnoll!
The gnoll hits you from afar with a +0 halberd.
You have reached level 4!
You block the gnoll's attack.
You see here a +0 club.
You scratch the gnoll but do no damage. The gnoll hits you with a +0 halberd.
You scratch the gnoll but do no damage. The gnoll completely misses you.
You scratch the gnoll.
The gnoll is moderately wounded.
The gnoll hits you with a +0 halberd!
You scratch the gnoll.
The gnoll is heavily wounded.
The gnoll hits you with a +0 halberd!
You barely miss the gnoll.
The gnoll is heavily wounded.
You block the gnoll's attack.
You claw the gnoll!
You kill the gnoll!
You barely miss the gnoll. You block the gnoll's attack.
The gnoll barely misses you.
You scratch the gnoll.
The gnoll is heavily wounded.
You block the gnoll's attack.
The gnoll hits you from afar with a +0 halberd!
You scratch the gnoll.
The gnoll is severely wounded.
You block the gnoll's attack. The gnoll hits you with a +0 flail!
* * * LOW HITPOINT WARNING * * *
You closely miss the gnoll.
The gnoll is severely wounded.
The gnoll barely misses you. The gnoll closely misses you.
You claw the gnoll!
You kill the gnoll!
The gnoll barely misses you. The gnoll hits you with a +0 halberd!
You die...

.##.##.# ###.#.#.#
....##.#####.#.#.#.#
.##........#.#.#.#.#
...........#.#.#.#.#
###.##.###...#.#.#..
.......# ###.#.#.#.#
...∩.#.# #.#.#.#.# #.∩∩∩#.#
#.#.#g# # ##.∩.#.#######.#@#
######..>......#)#
...))...########.# ...###..#
#.#.# # ...#
#..######.#.#.#######
...###.........#.........
.............#..############
...###.......#..#..........#
.#............<÷...#######.#


You could see a gnoll.

Vanquished Creatures
  3 gnolls (D:2)
  An adder (D:2)
  A worm (D:1)
  A dart slug (D:1)
  2 bats (D:2)
  3 endoplasms
  A giant cockroach (D:1)
  5 goblins
  7 hobgoblins
  7 jackals
  A quokka (D:1)
  3 ball pythons (D:1)
  A frilled lizard (D:1)
  7 kobolds
  7 rats
50 creatures vanquished.

Notes
Turn   | Place    | Note
-------+----------+-------------------------------------------
     0 | D:1      | tkdrg the Troll Fighter began the quest for the Orb.
     0 | D:1      | Reached XP level 1. HP: 22/22 MP: 0/0
   132 | D:1      | Reached XP level 2. HP: 29/29 MP: 1/1
   276 | D:1      | Reached skill level 3 in Unarmed Combat
   281 | D:1      | Found Xewudivo's Book Shoppe.
   429 | D:1      | Reached XP level 3. HP: 35/36 MP: 2/2
   857 | D:2      | Reached skill level 4 in Unarmed Combat
   871 | D:2      | Found Syust's Antique Armour Shoppe.
  1044 | D:2      | Reached XP level 4. HP: 34/44 MP: 3/3
  1056 | D:2      | Slain by a gnoll

Illustrated notes

Levels and vault maps discovered:
D:1:      evilmike_arrival_rings, layout_rooms, serial_shops,
          nicolae_book_shop_shelving, columned_hall_lemuel, nicolae_wormholes
D:2:      layout_loops_ring, serial_co_window_serial, co_window_corner_a,
          co_window_paths_b, co_window_corner_a, co_window_of_opportunity_a,
          co_window_corner_a, co_window_corner_b, co_window_corner_b,
          co_window_paths_c, co_window_paths_e, serial_shops,
          nicolae_shop_dealshenge, supply_closet_lemuel, minmay_tetromino_l2

Skill      XL: |  1  2  3 |
---------------+----------+-----
Unarmed Combat | 3 4 |  4.7
Fighting       | |  2.4
Dodging        | |  2.4
Shields        | |  2.6

Action                     |  1- 3 |  4- 6 || total
---------------------------+-------+-------++-------
  Melee: Unarmed           |   158 |    11 ||   169
 Armour: Robe              |   107 |     6 ||   113
  Dodge: Dodged            |    51 |     5 ||    56
  Block: Kite shield       |    55 |     5 ||    60

Table legend: (Time is in decaauts)
 A = Elapsed time spent in this place.
 B = Non-inter-level travel time spent in this place.
 C = Inter-level travel time spent in this place.
 D = Time resting spent in this place.
 E = Time spent auto-exploring this place.
 F = Levels seen in this place.
 G = Mean time per level.
                   A        B        C        D        E       F      G
               +--------+--------+--------+--------+--------+-----+--------+
         Total |   1066 |   1041 |     25 |      4 |    715 |   2 |  533.0 |
       Dungeon |   1066 |   1041 |     25 |      4 |    715 |   2 |  533.0 |
               +--------+--------+--------+--------+--------+-----+--------+

Top non-repeatable levels by time:
     D:1: 606 daAuts
     D:2: 459 daAuts
